 Dungeon Crawl Stone Soup version 0.29-a0-1009-g60c99734e7 (webtiles) character file.

Game seed: 9249004443923801687

697 purpskrrrp the Slasher (level 7, 0/50 HPs)
             Began as a Demigod Wanderer on Aug 8, 2022.
             Succumbed to a hornet's poison
             ... on level 7 of the Dungeon.
             The game lasted 00:13:17 (4391 turns).

purpskrrrp the Slasher (Demigod Wanderer)           Turns: 4391, Time: 00:13:18

Health: 0/50       AC: 11    Str: 13    XL:     7   Next: 15%
Magic:  9/9        EV: 10    Int: 11    God:
Gold:   271        SH:  7    Dex: 24    Spells: 6/6 levels left

rFire   . . .      SeeInvis .   e - +2 double sword (vorpal)
rCold   . . .      Faith    .   c - +1 buckler
rNeg    + . .      Spirit   .   b - +0 chain mail
rPois   .          Reflect  .   q - +0 helmet
rElec   .          Harm     .   v - scarf {shadows}
rCorr   .          Rampage  .   (no gloves)
Will    .....                   u - +0 pair of boots
Stlth   ..........              (no amulet)
HPRegen 0.16/turn               m - +4 ring of evasion
MPRegen 0.11/turn               i - ring of positive energy

@: lethally poisoned (0 -> -10), attractive, hasted, very quick
A: high MP 1, forlorn, divine attributes
a: no special abilities


You were on level 7 of the Dungeon.
You visited 1 branch of the dungeon, and saw 6 of its levels.

You collected 271 gold pieces.

Inventory:

Hand Weapons
 a - a +0 falchion
 e - a +2 vorpal double sword (weapon)
Armour
 b - a +0 chain mail (worn)
 c - a +1 buckler (worn)
 h - a scarf of harm
 q - a +0 helmet (worn)
 u - a +0 pair of boots (worn)
 v - a scarf of shadows (worn)
Jewellery
 i - a ring of positive energy (right hand)
 m - a +4 ring of evasion (left hand)
 n - a +6 ring of intelligence
 r - a +6 ring of intelligence
 x - a ring of protection from cold
Wands
 y - a wand of flame (14)
Scrolls
 l - a scroll of identify {unknown}
 p - a scroll of enchant armour
 t - a scroll of blinking
Potions
 f - a potion of might {unknown}
 g - a potion of mutation {unknown}
 j - a potion of attraction
 k - a potion of degeneration {unknown}
 o - 2 potions of curing {unknown}
 w - 2 potions of heal wounds {unknown}
 z - a potion of lignification {unknown}


   Skills:
 + Level 7.7 Long Blades
 - Level 3.6 Armour
 - Level 1.0 Dodging
 - Level 2.6 Shields


You had 6 spell levels left.
You didn't know any spells.
Your spell library contained the following spells:

 Spells                   Type           Power      Damage    Failure   Level
 Sublimation of Blood     Necr           0%         N/A       100%        2
 Wereblood                Tmut           0%         N/A       100%        2
 Summon Hydra             Summ           0%         N/A       100%        7


Dungeon Overview and Level Annotations

Branches:
Dungeon (5/15)
 Temple: D:4-7

Shops:
D:4 *


Innate Abilities, Weirdness & Mutations

You have an increased reservoir of magic. (+10% MP)
You shall have no god before yourself.
Your divine heritage dramatically boosts your attributes as you level up.


Message History

You slash the steam dragon!
You kill the steam dragon!
You are engulfed in a cloud of scalding steam.
* * * LOW HITPOINT WARNING * * *
You feel yourself slow down.
You have reached level 7!
You are engulfed in a cloud of scalding steam.
You start removing your armour.
You continue taking off your scarf of harm.
You are engulfed in a cloud of scalding steam.
You continue taking off your scarf of harm.
You are engulfed in a cloud of scalding steam.
You continue taking off your scarf of harm.
You are engulfed in a cloud of scalding steam.
You continue taking off your scarf of harm.
You finish taking off your scarf of harm.
You start putting on your armour.
You continue putting on your scarf of shadows. x5
You finish putting on your scarf of shadows.
It gets dark.
You start resting.
A hornet is nearby!
The hornet buzzes angrily.
Okay, then.
You feel yourself speed up.
You slash the hornet!
The hornet is moderately wounded.
You block the hornet's attack. The hornet stings you!
* * * LOW HITPOINT WARNING * * *
You are lethally poisoned!
You feel yourself slow down.
You slash the hornet!
The hornet is severely wounded.
You feel yourself speed up.
* * * LOW HITPOINT WARNING * * *
You feel very sick. The hornet closely misses you.
It was a potion of attraction.
You feel attractive to monsters.
You die...

#### ..#
#########...
#.#
#.D.......##
#.#
#.#########
#.# #.# #.#
#ยง# #.# #.#
#@#####.#
#.y..##.#
##....##.#
#........#
#........#
#.#
#.......##
#..
##........
#.#
##...#####
##.##


You could see a hornet.

Vanquished Creatures
  A steam dragon (D:7)
  2 phantoms (D:4)
  A bullfrog (D:7)
  A necrophage (D:4)
  A water moccasin zombie (D:4)
  A howler monkey (D:4)
  An orc priest (D:4)
  Ijyb (D:3)
  2 orc wizards (D:4)
  3 gnolls (D:5)
  An adder (D:2)
  An adder zombie (D:4)
  A worm (D:2)
  A dart slug (D:2)
  6 orcs
  7 ball pythons
  3 bats
  3 endoplasms
  6 giant cockroaches
  7 goblins
  5 hobgoblins
  2 jackals (D:2)
  A quokka (D:4)
  A frilled lizard (D:1)
  4 kobolds
  6 rats
69 creatures vanquished.

Vanquished Creatures (others)
  A plant (D:2)
1 creature vanquished.

Grand Total: 70 creatures vanquished

Notes
Turn   | Place    | Note
-------+----------+-------------------------------------------
     0 | D:1      | purpskrrrp the Demigod Wanderer began the quest for the
                  | Orb.
     0 | D:1      | purpskrrrp set off with the following items: a +0 falchion,
                  | a +0 chain mail, a +0 buckler, a potion of haste.
     0 | D:1      | Reached XP level 1. HP: 14/14 MP: 3/3
   109 | D:1      | Reached skill level 2 in Long Blades
   272 | D:1      | Reached XP level 2. HP: 20/20 MP: 4/4
   665 | D:2      | Identified a scroll of acquirement
   665 | D:2      | Acquired a +2 vorpal double sword
   809 | D:2      | Reached skill level 3 in Long Blades
  1065 | D:2      | Reached XP level 3. HP: 26/26 MP: 5/5
  2714 | D:3      | Noticed Ijyb
  2720 | D:3      | Killed Ijyb
  2721 | D:3      | Reached skill level 4 in Long Blades
  2721 | D:3      | Reached XP level 4. HP: 25/33 MP: 6/6
  2852 | D:4      | Identified the +1 robe of the Sky {Dex+3}
  2889 | D:4      | Noticed a phantom
  2892 | D:4      | Killed a phantom
  2893 | D:4      | Reached skill level 5 in Long Blades
  2981 | D:4      | Noticed a phantom
  2992 | D:4      | Killed a phantom
  2993 | D:4      | Reached XP level 5. HP: 38/38 MP: 7/7
  3015 | D:4      | Reached skill level 6 in Long Blades
  3074 | D:4      | Reached XP level 6. HP: 19/45 MP: 8/8
  3530 | D:4      | Found Diycveff's Fire Supplies.
  4001 | D:5      | Entered Level 5 of the Dungeon
  4031 | D:5      | Reached skill level 7 in Long Blades
  4207 | D:5      | You fall into a shaft and drop 2 floors!
  4239 | D:7      | Noticed a steam dragon
  4249 | D:7      | Noticed a hornet
  4313 | D:7      | Killed a steam dragon
  4314 | D:7      | Reached XP level 7. HP: 4/50 MP: 9/9
  4390 | D:7      | HP: 1/50 [poisoned by a hornet]
  4391 | D:7      | Succumbed to a hornet's poison

Illustrated notes

Levels and vault maps discovered:
D:1:      giann_bridges, layout_basic, serial_bayou_crossing
D:2:      layout_basic, basic_altar, serial_bayou, serial_bayou_pond_b,
          serial_bayou_shore_a, serial_bayou_lagoon_b, serial_bayou_shore_b
D:3:      layout_basic, nicolae_ashenzari_panopticon,
          mainiacjoe_overflow_tiny_flanked, uniq_ijyb
D:4:      layout_basic, lemuel_zombie_altar_yredelemnul,
          nicolae_overflow_hallway_of_the_gods, minmay_misc_feat_encased,
          nicolae_shop_fire_sale [nicolae_sub_dead_trees]
D:5:      layout_loops_ring, temple_green, uniq_pikel
D:7:      layout_loops_ring, nicolae_hepliaklqana_hazy_memory

Skill      XL: |  1  2  3  4  5  6 |
---------------+-------------------+-----
Long Blades    | 2 3 4 5 6 7 |  7.7
Armour         | |  3.6
Dodging        | |  1.0
Shields        | |  2.6

Action                   |  1- 3 |  4- 6 |  7- 9 || total
-------------------------+-------+-------+-------++-------
Melee: Falchion          |    43 |       |       ||    43
       Double sword      |    58 |    68 |     2 ||   128
  Use: Scroll            |     3 |    10 |       ||    13
       Potion            |       |     1 |     2 ||     3
Armor: Chain mail        |    67 |    31 |     4 ||   102
Dodge: Dodged            |    42 |    27 |     1 ||    70
Block: Buckler           |    27 |    22 |     1 ||    50

Table legend: (Time is in decaauts)
 A = Elapsed time spent in this place.
 B = Non-inter-level travel time spent in this place.
 C = Inter-level travel time spent in this place.
 D = Time resting spent in this place.
 E = Time spent auto-exploring this place.
 F = Levels seen in this place.
 G = Mean time per level.
                   A        B        C        D        E       F      G
               +--------+--------+--------+--------+--------+-----+--------+
         Total |   4461 |   4347 |    114 |    595 |   3136 |   6 |  743.5 |
       Dungeon |   4461 |   4347 |    114 |    595 |   3136 |   6 |  743.5 |
               +--------+--------+--------+--------+--------+-----+--------+

Top non-repeatable levels by time:
     D:2: 1244 daAuts
     D:4: 1193 daAuts
     D:3: 964 daAuts
     D:1: 685 daAuts
     D:5: 207 daAuts
     D:7: 165 daAuts
